 Dungeon Crawl Stone Soup version 0.26-b1-32-g5d43845318 (webtiles) character file.

Game seed: 8034792625659219772

1753 Borgoz the Cudgeller (level 9, -3/54 HPs)
             Began as a Gargoyle Gladiator on Jan 11, 2021.
             Slain by a killer bee (5 damage)
             ... on level 6 of the Dungeon.
             The game lasted 00:08:43 (6939 turns).

Borgoz the Cudgeller (Gargoyle Gladiator)           Turns: 6939, Time: 00:08:43

Health: -3/54      AC: 19    Str: 17    XL:     9   Next: 6%
Magic:  9/9        EV: 13    Int: 13    God:
Gold:   194        SH:  5    Dex: 14    Spells: 8/8 levels left

rFire    . . .     SeeInvis +   G - +6 mace "Nittedit" {vorpal, *Corrode rPois Int+3 SInv}
rCold    . . .     Faith    .   (no shield)
rNeg     + . .     Spirit   .   D - +3 scale mail
rPois    ∞         Reflect  +   c - +0 helmet
rElec    +         Harm     .   B - +0 cloak
rCorr    .         Rampage  .   (no gloves)
Will     .....                  (no boots)
Stlth    ..........             A - amulet of reflection
HPRegen  0.18/turn              (no ring)
MPRegen  0.11/turn              (no ring)

@: no status effects
A: negative energy resistance 1, electricity resistance, unbreathing,
petrification resistance, miasma immunity, AC +6
a: no special abilities


You were on level 6 of the Dungeon.
You visited 2 branches of the dungeon, and saw 8 of its levels.

You collected 365 gold pieces.
You spent 171 gold pieces at shops.

Inventory:

Hand Weapons
 o - a +4 flail
 G - the +6 mace "Nittedit" (weapon) {vorpal, *Corrode rPois Int+3 SInv}
   (You found it on level 7 of the Dungeon)

   It inflicts extra damage upon your enemies.
   It affects your intelligence (+3).
   It protects you from poison.
   It lets you see invisible.
   It may corrode you when you take damage.
Missiles
 d - a throwing net (quivered)
Armour
 c - a +0 helmet (worn)
 B - a +0 cloak (worn)
 D - a +3 scale mail (worn)
Jewellery
 A - an amulet of reflection (around neck)
Wands
 r - a wand of flame (42)
 t - a wand of acid (10)
Scrolls
 b - 4 scrolls of teleportation
 e - 2 scrolls of identify {unknown}
 f - 2 scrolls of magic mapping {unknown}
 h - 2 scrolls of remove curse
 m - a scroll of enchant armour {unknown}
 p - 3 scrolls of fog {unknown}
 q - a scroll of blinking {unknown}
 x - a scroll of amnesia {unknown}
 y - a scroll of immolation {unknown}
 z - a scroll of noise {unknown}
Potions
 g - 2 potions of ambrosia {unknown}
 i - 4 potions of curing {unknown}
 j - a potion of berserk rage {unknown}
 l - 2 potions of brilliance {unknown}
 n - 2 potions of mutation {unknown}
 s - 2 potions of attraction {unknown}
 u - a potion of cancellation {unknown}
 v - 2 potions of flight {unknown}
 w - a potion of might {unknown}
 E - a potion of invisibility {unknown}
 F - a potion of resistance


   Skills:
 + Level 5.4 Fighting
 * Level 7.2 Maces & Flails
 - Level 1.7 Throwing
 + Level 4.8 Armour
 * Level 6.0 Dodging


You had 8 spell levels left.
You didn't know any spells.
Your spell library was empty.

Dungeon Overview and Level Annotations

Branches:
Dungeon (7/15)             Temple (1/1) D:4

Altars:
Ashenzari
Cheibriados
Dithmenos
Elyvilon
Fedhas
Gozag
Hepliaklqana
Kikubaaqudgha
Makhleb
Nemelex Xobeh
Okawaru
Qazlal
Ru
Sif Muna
Trog
Uskayaw
Vehumet
Wu Jian
Xom
Yredelemnul
Zin
The Shining One

Shops:
D:6 *!


Innate Abilities, Weirdness & Mutations

You are resistant to torment.
Your stone body is resilient. (AC +6)
You are immune to poison.
You resist negative energy. (rN+)
You are resistant to electric shocks. (rElec)
You can survive without breathing.
You are immune to petrification.
You are immune to miasma.


Message History

You block the killer bee's attack.
The orc warrior hits you with a +0 battleaxe!
* * * LOW HITPOINT WARNING * * *
The killer bee stings you but does no damage.
You hit the orc warrior.
The orc warrior is heavily wounded.
The killer bee misses you. The killer bee completely misses you.
The killer bee barely misses you. x2; You block the orc warrior's attack.
The killer bee stings you.
* * * LOW HITPOINT WARNING * * *
Okay, then.
Throw: 2 throwing nets
Press: ? - help, Q - select action, (/) - cycle Shift-Dir - straight line, f - orc warrior
Aim: an orc warrior, wielding a +0 battleaxe and wearing a +0 chain mail (heavily wounded)
You throw a throwing net.
The throwing net completely misses the orc warrior.
The killer bee stings you.
* * * LOW HITPOINT WARNING * * *
The killer bee barely misses you. The killer bee stings you.
You die...

#.......###...............
###.###..#................
####............##......
#.)...................
###................###
#### #..<.........##.#.###
#..###.>..........####..#.
#.........[.......##......
#.......[@......#.##......
###.....yoy.......##......
##..##.................#
#####......##.........#
##.....#.........##
#.....<...#......#
##.......####[.###
#(.##...###..##
##..#...(.#...#


You could see an orc warrior and 2 killer bees.

Vanquished Creatures
  4 ice beasts
  2 centaurs (D:6)
  A big kobold (D:7)
  A bullfrog (D:6)
  A scorpion (D:6)
  8 wights
  3 killer bees
  A centaur zombie (D:5)
  An orc wizard (D:7)
  A centaur skeleton (D:2)
  A hound (D:4)
  Crazy Yiuf (D:5)
  A jelly (D:6)
  2 iguanas
  Jessica (D:2)
  Ijyb (D:3)
  2 worker ants
  9 adders
  A gnoll (D:1)
  A shadow imp (D:7)
  A white imp (D:5)
  3 ufetubi
  An ooze (D:2)
  3 worms
  4 dart slugs
  5 leopard geckos
  7 orcs
  9 bats
  4 giant cockroaches
  5 goblins
  7 hobgoblins
  9 jackals
  14 kobolds
  5 quokkas
  2 ball pythons
  12 frilled lizards
  A jackal skeleton (D:5)
  9 rats
144 creatures vanquished.

Notes
Turn   | Place    | Note
-------+----------+-------------------------------------------
     0 | D:1      | Borgoz the Gargoyle Gladiator began the quest for the Orb.
     0 | D:1      | Reached XP level 1. HP: 12/12 MP: 1/1
   137 | D:1      | Reached XP level 2. HP: 9/17 MP: 2/2
   791 | D:1      | Reached skill level 1 in Armour
   791 | D:1      | Reached XP level 3. HP: 19/22 MP: 3/3
  1384 | D:2      | Noticed Jessica
  1424 | D:2      | Reached XP level 4. HP: 19/27 MP: 4/4
  1439 | D:2      | Killed Jessica
  1637 | D:2      | Reached XP level 5. HP: 32/32 MP: 5/5
  1681 | D:2      | Reached skill level 4 in Maces & Flails
  2111 | D:3      | Noticed Ijyb
  2122 | D:3      | Killed Ijyb
  2438 | D:3      | Reached XP level 6. HP: 33/37 MP: 6/6
  3160 | D:3      | Found a hazy altar of Hepliaklqana.
  3440 | D:4      | Found a burning altar of Makhleb.
  3443 | D:4      | Found a shimmering altar of Xom.
  3446 | D:4      | Found a shimmering blue altar of Sif Muna.
  3758 | D:4      | Found a staircase to the Ecumenical Temple.
  4210 | Temple   | Entered the Ecumenical Temple
  4288 | D:5      | Entered Level 5 of the Dungeon
  4531 | D:5      | Found a stormy altar of Qazlal.
  4561 | D:5      | Noticed an ice beast
  4574 | D:5      | Killed an ice beast
  4575 | D:5      | Reached skill level 5 in Maces & Flails
  4575 | D:5      | Reached XP level 7. HP: 42/42 MP: 7/7
  4864 | D:5      | Found a runed translucent door.
  4865 | D:5      | Noticed Crazy Yiuf
  5490 | D:5      | Killed Crazy Yiuf
  5654 | D:6      | Found Feumiar's Assorted Antiques.
  5670 | D:6      | Bought 3 scrolls labelled MUITIJY HINEYN for 87 gold pieces
  5670 | D:6      | Bought a scroll labelled XAUFIK PUXOMU for 29 gold pieces
  5670 | D:6      | Bought a scroll labelled LEAMAI ZULAOG for 29 gold pieces
  5670 | D:6      | Bought a lumpy coppery potion for 26 gold pieces
  5774 | D:6      | Reached XP level 8. HP: 48/48 MP: 8/8
  5794 | D:6      | Found a broken altar of Ashenzari.
  5892 | D:6      | Found Wecaotal's Distillery.
  6001 | D:6      | Found an opulent altar of Gozag.
  6002 | D:6      | Found a sparkling altar of Nemelex Xobeh.
  6009 | D:6      | Reached skill level 5 in Dodging
  6132 | D:6      | Reached skill level 6 in Maces & Flails
  6546 | D:7      | Reached skill level 5 in Fighting
  6608 | D:7      | Got a twisted mace
  6612 | D:7      | Identified the +6 mace "Nittedit" {vorpal, *Corrode rPois
                  | Int+3 SInv} (You found it on level 7 of the Dungeon)
  6626 | D:7      | Reached skill level 7 in Maces & Flails
  6651 | D:7      | Reached XP level 9. HP: 27/54 MP: 9/9
  6939 | D:6      | HP: 2/54 [killer bee (6)]
  6939 | D:6      | Slain by a killer bee

Illustrated notes

Levels and vault maps discovered:
D:1:      dpeg_arrival_round_c, layout_basic, minmay_misc_feat_x
D:2:      layout_loops_ring, minmay_misc_feat_roman, uniq_jessica
D:3:      layout_basic, nzn_hepliaklqana_mist_gate, uniq_ijyb
D:4:      layout_layer_cave, grunt_temple_overflow_diamond, temple_hall
D:5:      layout_basic, basic_altar, kennysheep_nub,
          wad_floor_pattern_untrapped, uniq_crazy_yiuf_cottage
D:6:      layout_cave_pools, grunt_temple_overflow_opulence, serial_shops,
          nicolae_shop_competitors_out_of_business, shop,
          cheibrodos_ashenzari_chains
D:7:      cheibrodos_two_vegetables, layout_layer_cave
Temple:   nicolae_temple_x_marks_the_god

Skill      XL: |  1  2  3  4  5  6  7  8  9 |
---------------+----------------------------+-----
Armour         | 1 2 3 4 |  4.8
Dodging        | 3 4 5 6 |  6.0
Fighting       | 3 4 5 |  5.4
Maces & Flails | 4 5 7 |  7.2
Throwing       | |  1.7

Action                   |  1- 3 |  4- 6 |  7- 9 || total
-------------------------+-------+-------+-------++-------
Melee: Flail             |   148 |   270 |   183 ||   601
       Mace              |       |       |    31 ||    31
Throw: Throwing net      |       |       |     4 ||     4
  Use: Potion            |       |     3 |     1 ||     4
       Scroll            |       |     1 |     6 ||     7
 Stab: Held in net/web   |       |       |     3 ||     3
Armor: Leather armour    |    44 |       |       ||    44
       Scale mail        |    80 |   199 |   144 ||   423
Dodge: Dodged            |   173 |   209 |   202 ||   584
Block: Other             |       |       |    60 ||    60
       Reflection        |       |       |     3 ||     3
